 Dungeon Crawl Stone Soup version 0.30-a0-591-g3c58d2bc28 (webtiles) character file.

Game seed: 5019825463528029479

579 ragingrage the Shooter (level 7, -12/55 HPs)
             Began as a Yellow Draconian Hunter on Jan 5, 2023.
             Killed from afar by a steam dragon (14 damage)
             ... with a ball of steam
             ... on level 5 of the Dungeon.
             The game lasted 00:04:51 (3737 turns).

ragingrage the Shooter (Yellow Draconian Hunter)    Turns: 3737, Time: 00:04:52

Health: -12/55     AC:  7    Str: 16    XL:     7   Next: 13%
Magic:  7/7        EV: 12    Int: 16    God:
Gold:   240        SH:  0    Dex: 16    Spells: 6/6 levels left

rFire   . . .      SeeInvis .    b - +8 rapier "Yniun" {heavy, Str+3}
rCold   . . .      Faith    .    (no shield)
rNeg    . . .      Spirit   .    (body armour unavailable)
rPois   .          Reflect  .    (helmet restricted)
rElec   .          Harm     .    q - +0 cloak
rCorr   +          Rampage  .    (no gloves)
Will    .....                    (no boots)
Stlth   +++                      j - amulet of regeneration
HPRegen 1.09/turn                i - +6 ring of intelligence
MPRegen 0.10/turn                (no ring)

@: short of breath
A: spit acid, AC +6, unfitting armour, cold-blooded, acid resistance
a: Breathe Acid


You were on level 5 of the Dungeon.
You visited 1 branch of the dungeon, and saw 5 of its levels.

You collected 240 gold pieces.

Inventory:

Hand Weapons
 a - a +0 shortbow
 b - the +8 rapier "Yniun" (weapon) {heavy, Str+3}
   (You took it off a gnoll on level 3 of the Dungeon)

   Str:       It affects your strength (+3).
 e - a +2 dagger of draining
Missiles
 o - 5 poisoned darts
Armour
 q - a +0 cloak (worn)
Jewellery
 i - a +6 ring of intelligence (left hand)
 j - an amulet of regeneration (around neck)
Scrolls
 c - a scroll of teleportation {unknown}
 f - 2 scrolls of vulnerability
 g - 2 scrolls of immolation
 h - 2 scrolls of blinking
 k - a scroll of amnesia {unknown}
 r - 4 scrolls of identify
 s - a scroll of poison {unknown}
Potions
 d - 2 potions of might
 l - a potion of resistance {unknown}
 m - a potion of mutation {unknown}
 n - a potion of degeneration {unknown}
 p - a potion of attraction {unknown}
 t - a potion of ambrosia {unknown}
 u - a potion of curing {unknown}


   Skills:
 - Level 2.3 Fighting
 + Level 2.5 Short Blades
 + Level 6.4 Ranged Weapons
 - Level 1.8 Dodging
 - Level 4.0 Stealth


You had 6 spell levels left.
You didn't know any spells.
Your spell library contained the following spells:

 Spells                   Type           Power      Damage    Failure   Level
 Freeze                   Ice            0%         1d3       26%         1
 Blink                    Tloc           0%         N/A       36%         2
 Ensorcelled Hibernation  Hex/Ice        0%         N/A       36%         2
 Momentum Strike          Conj/Tloc      0%         3d8       36%         2
 Passwall                 Tmut/Erth      0%         N/A       36%         2
 Frozen Ramparts          Ice            0%         1d1       58%         3
 Hailstorm                Conj/Ice       0%         3d3       58%         3
 Inner Flame              Hex/Fire       0%         N/A       58%         3
 Lesser Beckoning         Tloc           0%         N/A       58%         3
 Swiftness                Air            0%         N/A       58%         3
 Flame Wave               Conj/Fire      0%         2d4       94%         4
 Sticky Flame             Conj/Fire      0%         2d3       94%         4
 Blade Hands              Tmut           0%         N/A       100%        5
 Iron Shot                Conj/Erth      0%         9d1       100%        6
 Animate Armour           Summ/Erth      Unusable   N/A       N/A         4

Dungeon Overview and Level Annotations

Branches:
Dungeon (5/15)
 Temple: D:4-7

Altars:


Innate Abilities, Weirdness & Mutations

You can spit globs of acid.
Your golden yellow scales are hard. (AC +6)
You cannot fit into any form of body armour.
You are cold-blooded and may be slowed by cold attacks.
You are resistant to acid. (rCorr)


Message History

The worm is almost dead.
You shoot an arrow. The arrow barely misses the worm.
A worm is nearby!
You shoot an arrow. The arrow hits the worm!
You kill the worm!
You see here a worm corpse.
r - 4 scrolls of identify (gained 1)
You open the door.
A steam dragon comes into view.
You shoot an arrow.
The arrow hits the steam dragon but does no damage.
The steam dragon hisses angrily.
You shoot an arrow.
The arrow hits the steam dragon but does no damage.
The steam dragon breathes steam at you. The ball of steam hits you!!
You hear an angry hiss.
You're standing in a cloud of steam!
Press: ? - help, Shift-Dir - straight line, f/p - steam dragon
Aim: a steam dragon (catching its breath, 64% to hit)
You spit a glob of acid.
The glob of acid hits the steam dragon!
The acid corrodes the steam dragon!
The steam dragon is moderately wounded.
You are engulfed in a cloud of scalding steam.
You feel stronger.
b - the +8 rapier "Yniun" (weapon)
{heavy, Str+3} The steam dragon barely misses you.
The steam dragon claws you.
You impale the steam dragon!!
The steam dragon is almost dead.
The steam dragon bites you. The steam dragon closely misses you.
You closely miss the steam dragon.
The steam dragon is almost dead.
You are engulfed in a cloud of scalding steam.
* * * LOW HITPOINT WARNING * * *
The steam dragon bites you!
* * * LOW HITPOINT WARNING * * *
The steam dragon closely misses you. The steam dragon breathes steam at you.
The ball of steam hits you!
You die...

#.........##### ##
#..######.#...#
####.##..##.....†...#
......#...#.###.#...#
#........# #.##.##
####...### #.##.#
#..## #.##.#
#..######.##<#
#.@.......##.#
##D#########.# §..
#.# ..... #.# .......
#.# ......... ...
+.........+ ...
#.........#


You could see a steam dragon (catching breath, corroded).

Vanquished Creatures
  A phantom (D:4)
  3 scorpions (D:4)
  2 iguanas
  3 orc wizards (D:3)
  Robin (D:2)
  4 gnolls (D:3)
  6 adders
  An ufetubus (D:4)
  2 worms
  A dart slug (D:1)
  8 orcs
  3 endoplasms
  6 giant cockroaches
  17 goblins
  6 hobgoblins
  4 jackals (D:1)
  6 kobolds
  4 quokkas
  3 ball pythons
  4 bats
  A frilled lizard (D:2)
  3 rats
89 creatures vanquished.

Notes
Turn   | Place    | Note
-------+----------+-------------------------------------------
     0 | D:1      | ragingrage the Draconian Hunter began the quest for the
                  | Orb.
     0 | D:1      | Reached XP level 1. HP: 17/17 MP: 1/1
    31 | D:1      | Reached skill level 1 in Stealth
   178 | D:1      | Reached XP level 2. HP: 18/24 MP: 2/2
   483 | D:1      | Reached skill level 4 in Ranged Weapons
   624 | D:1      | Found a faded altar of an unknown god.
   947 | D:2      | Reached XP level 3. HP: 27/29 MP: 3/3
  1284 | D:2      | Noticed Robin
  1308 | D:2      | Killed Robin
  1309 | D:2      | Reached XP level 4. HP: 32/36 MP: 4/4
  1340 | D:2      | You fall into a shaft and drop 2 floors!
  1345 | D:4      | Noticed a scorpion
  1362 | D:4      | Identified the +1 ring mail of Mirth {rElec Dex+2 Stlth+}
  1552 | D:3      | Reached XP level 5. HP: 37/41 MP: 5/5
  1693 | D:3      | Reached skill level 5 in Ranged Weapons
  1903 | D:3      | Identified the +8 rapier "Yniun" {heavy, Str+3}
  2602 | D:3      | Reached XP level 6. HP: 28/43 MP: 6/6
  3029 | D:4      | Reached skill level 1 in Short Blades
  3029 | D:4      | Reached skill level 6 in Ranged Weapons
  3381 | D:4      | Your scales start taking on a golden yellow colour.
  3381 | D:4      | Reached XP level 7. HP: 55/55 MP: 7/7
  3381 | D:4      | Gained mutation: You are resistant to acid. (rCorr) [Yellow
                  | Draconian growth]
  3697 | D:5      | Entered Level 5 of the Dungeon
  3731 | D:5      | Noticed a steam dragon
  3737 | D:5      | HP: 2/55 [steam dragon (7)]
  3737 | D:5      | Killed from afar by a steam dragon

Illustrated notes

Levels and vault maps discovered:
D:1:      tarquinn_simple_flora_water_c, layout_basic,
          chequers_ecumenical_altar_simple
D:2:      layout_loops_ring, hangedman_decor_growths, uniq_robin
D:3:      layout_loops_ring, kennysheep_cluttered_room
D:4:      layout_gridville
D:5:      lemuel_ratsnest, layout_loops_corners, serial_shops,
          nicolae_shop_window_shopping, minmay_misc_feat_hallway

Skill      XL: |  1  2  3  4  5  6 |
---------------+-------------------+-----
Stealth        | 1 2 3 4 |  4.0
Ranged Weapons | 4 5 6 |  6.4
Short Blades   | 2 |  2.5
Fighting       | |  2.3
Dodging        | |  1.8

Action                   |  1- 3 |  4- 6 |  7- 9 || total
-------------------------+-------+-------+-------++-------
Melee: Rapier            |       |    34 |     2 ||    36
       Tailslap          |       |     3 |       ||     3
       Punch             |       |     1 |       ||     1
 Fire: Shortbow          |   119 |   128 |    19 ||   266
 Abil: Breathe Acid      |       |       |     1 ||     1
  Use: Scroll            |       |     3 |       ||     3
       Potion            |       |     1 |       ||     1
Armor: Skin              |    27 |    28 |       ||    55
Dodge: Dodged            |    59 |    53 |     3 ||   115

Table legend: (Time is in decaauts)
 A = Elapsed time spent in this place.
 B = Non-inter-level travel time spent in this place.
 C = Inter-level travel time spent in this place.
 D = Time resting spent in this place.
 E = Time spent auto-exploring this place.
 F = Levels seen in this place.
 G = Mean time per level.
                   A        B        C        D        E       F      G
               +--------+--------+--------+--------+--------+-----+--------+
         Total |   3832 |   3692 |    140 |    339 |   2583 |   5 |  766.4 |
       Dungeon |   3832 |   3692 |    140 |    339 |   2583 |   5 |  766.4 |
               +--------+--------+--------+--------+--------+-----+--------+

Top non-repeatable levels by time:
     D:3: 1121 daAuts
     D:4: 939 daAuts
     D:1: 937 daAuts
     D:2: 792 daAuts
     D:5: 41 daAuts
